 Dungeon Crawl Stone Soup version 0.29.1-1-gd02db6906a (webtiles) character file.

Game seed: 4998757029117477648

8308 gelatine the Geomancer (level 11, -15/84 HPs)
             Began as a Demonspawn Earth Elementalist on Sept 18, 2022.
             Was an Elder of Vehumet.
             Demolished by a komodo dragon (25 damage)
             ... on level 1 of the Lair of Beasts.
             The game lasted 00:36:26 (10497 turns).

gelatine the Geomancer (DsEE)                      Turns: 10497, Time: 00:36:29

Health: -15/84     AC: 13    Str:  8    XL:     11   Next: 8%
Magic:  0/22       EV: 14    Int: 22    God:    Vehumet [****..]
Gold:   729        SH:  0    Dex: 13    Spells: 5/25 levels left

rFire   + . .      SeeInvis .   O - staff of earth
rCold   . . .      Faith    .   (no shield)
rNeg    . . .      Spirit   .   J - +0 steam dragon scales
rPois   .          Reflect  .   (no helmet)
rElec   .          Harm     .   N - scarf {shadows}
rCorr   .          Rampage  .   n - +1 pair of gloves
Will    .....                   (no boots)
Stlth   ++........              (no amulet)
HPRegen 0.24/turn               E - ring of protection from fire
MPRegen 0.18/turn               F - +4 ring of protection

@: no status effects
A: rugged brown scales 2, powered by death 2, spiny 2
a: Renounce Religion


You were on level 1 of the Lair of Beasts.
You worshipped Vehumet.
Vehumet was greatly pleased with you.
You visited 3 branches of the dungeon, and saw 12 of its levels.
You also visited: Ossuary.

You collected 821 gold pieces.
You spent 92 gold pieces at shops.

Inventory:

Hand Weapons
 q - a +4 hand axe of electrocution
 t - a +1 falchion of flaming
 G - a +1 dagger of protection
 L - a +4 battleaxe
Missiles
 j - 15 poisoned darts
Armour
 l - a +2 robe of willpower
 n - a +1 pair of gloves (worn)
 x - a +1 leather armour of cold resistance
 J - +0 steam dragon scales (worn)
 N - a scarf of shadows (worn)
Magical Staves
 O - a staff of earth (weapon)
Jewellery
 C - a ring of positive energy
 E - a ring of protection from fire (left hand)
 F - a +4 ring of protection (right hand)
Wands
 b - a wand of quicksilver (1)
 p - a wand of flame (21)
 s - a wand of polymorph (5)
 B - a wand of mindburst (17)
 I - a wand of charming (4)
 P - a wand of iceblast (3)
Scrolls
 c - a scroll of enchant weapon
 i - a scroll of torment
 k - 2 scrolls of fear
 m - 4 scrolls of teleportation
 r - 2 scrolls of immolation
 u - 2 scrolls of noise
 w - 2 scrolls of identify
 y - a scroll of enchant armour
 A - a scroll of magic mapping
 D - 2 scrolls of amnesia
Potions
 a - a potion of cancellation {unknown}
 d - a potion of lignification {unknown}
 e - 7 potions of heal wounds {unknown}
 f - 4 potions of curing
 g - 4 potions of might {unknown}
 h - 2 potions of attraction {unknown}
 o - 2 potions of flight {unknown}
 v - 2 potions of degeneration {unknown}
 z - a potion of ambrosia {unknown}
 H - 2 potions of invisibility {unknown}
 K - a potion of mutation {unknown}
 M - 2 potions of brilliance {unknown}


   Skills:
 * Level 5.2 Fighting
 + Level 0.8 Axes
 * Level 1.3 Staves
 * Level 5.2 Dodging
 + Level 4.1 Stealth
 + Level 7.9 Spellcasting
 + Level 4.5 Conjurations
 + Level 3.4 Transmutations
 + Level 0.7 Ice Magic
 * Level 9.1 Earth Magic
 * Level 4.5 Evocations


You had 5 spell levels left.
You knew the following spells:

 Your Spells              Type           Power      Damage    Failure   Level
a - Sandblast             Erth           100%       2d20      1%          1
b - Passwall              Tmut/Erth      44%        N/A       1%          2
c - Stone Arrow           Conj/Erth      100%       3d13      1%          3
d - Petrify               Tmut/Erth      53%        N/A       5%          4
e - Airstrike             Air            4%         2d(1-17)  19%         4
g - Mephitic Cloud        Conj/Pois/Air  15%        N/A       3%          3
h - Frozen Ramparts       Ice            22%        1d4       4%          3

Your spell library contained the following spells:

 Spells                   Type           Power      Damage    Failure   Level
 Freeze                   Ice            44%        1d6       1%          1
 Magic Dart               Conj           100%       1d8       1%          1
 Conjure Flame            Conj/Fire      18%        6-21      2%          3
 Hailstorm                Conj/Ice       20%        3d6       7%          4
 Slow                     Hex            32%        N/A       8%          1
 Irradiate                Conj/Tmut      13%        3d16      11%         5
 Sublimation of Blood     Necr           8%         N/A       12%         2
 Confusing Touch          Hex            8%         N/A       22%         3
 Vampiric Draining        Necr           8%         2d6       22%         3
 Blade Hands              Tmut           12%        N/A       45%         5
 Dragon Form              Tmut           12%        N/A       100%        7


Dungeon Overview and Level Annotations

Branches:
Dungeon (10/15)            Temple (1/1) D:4            Lair (1/5) D:10
    Orc (0/2) D:9         Ossuary (visited)

Altars:
Ashenzari
Cheibriados
Dithmenos
Fedhas
Gozag
Hepliaklqana
Kikubaaqudgha
Makhleb
Nemelex Xobeh
Okawaru
Qazlal
Ru
Sif Muna
Trog
Uskayaw
Vehumet
Wu Jian
Xom
Yredelemnul

Shops:
D:1 [   D:9 [

Annotations:
D:9 1 transporter, Rudyous's ghost, novice MiFi


Innate Abilities, Weirdness & Mutations

You are mostly covered in rugged brown scales. (AC +2, +5% HP)
You regenerate health from kills.
You are mostly covered in sharp spines.


Message History

You feel a surge of power!
The blast of sand hits the komodo dragon but does no damage.
The komodo dragon is moderately wounded.
The komodo dragon is struck by your spines.
The komodo dragon bites you!
Casting: Sandblast (safe; 1% risk of failure)
Confirm with . or Enter, or press ? or * to list all spells.
Aiming: Sandblast (safe; 1% risk of failure)
Press: ? - help, Shift-Dir - straight line, f/p - komodo dragon
Aim: a komodo dragon (heavily wounded, 89% to hit)
You feel a surge of power!
The blast of sand hits the komodo dragon!
The komodo dragon is severely wounded.
The komodo dragon bites you but does no damage.
The komodo dragon misses you.
Your magical contamination has completely faded away.
You completely miss the komodo dragon.
The komodo dragon is severely wounded.
The komodo dragon is struck by your spines.
The komodo dragon misses you.
Casting: Sandblast (safe; 1% risk of failure)
Confirm with . or Enter, or press ? or * to list all spells.
Aiming: Sandblast (safe; 1% risk of failure)
Press: ? - help, Shift-Dir - straight line, f/p - komodo dragon
Aim: a komodo dragon (severely wounded, 89% to hit)
You feel a surge of power!
The blast of sand misses the komodo dragon.
The komodo dragon bites you!
* * * LOW HITPOINT WARNING * * *
Casting: Sandblast (safe; 1% risk of failure)
Confirm with . or Enter, or press ? or * to list all spells.
You don't have enough magic to cast this spell.
Unknown command.
You closely miss the komodo dragon.
The komodo dragon is severely wounded.
The komodo dragon bites you!
* * * LOW HITPOINT WARNING * * *
The komodo dragon is struck by your spines.
The komodo dragon bites you!!
You die...

#..... ##....#
....P ....#
##...# #.†l.#
##@..# P..
#P[..##
#..####....###
#.... #.P...P#
#...# #.....###
#...# ###.†..P##
#...### ##.....#
#.<..###.....##
#..#..#...#.....


You could see a komodo dragon.

Vanquished Creatures
  A hydra (Lair:1)
  A two-headed ogre (D:9)
  A cane toad (Lair:1)
  A komodo dragon (D:10)
  Grinder (D:3)
  A shadow (D:6)
  Sigmund (D:5)
  2 wyverns
  11 yaks
  A basilisk (Lair:1)
  Eustachio (D:5)
  3 steam dragons
  Menkaure (D:5)
  4 water moccasins
  An orc warrior (D:9)
  A sky beast (D:6)
  2 ice beasts
  2 black bears (D:10)
  An ogre (D:5)
  2 centaurs
  A phantom (D:5)
  Blork the orc (D:5)
  8 bullfrogs
  2 necrophages
  A scorpion (D:4)
  4 wights (D:8)
  3 killer bees (D:8)
  3 howler monkeys
  6 hounds
  A gnoll bouda (D:5)
  An orc priest (D:5)
  Jessica (D:3)
  4 iguanas
  Ijyb (D:5)
  7 orc wizards
  A mummy (Ossuary)
  9 gnolls
  7 adders
  A shadow imp (D:5)
  3 white imps
  An ufetubus (D:5)
  3 worms
  3 dart slugs
  33 orcs
  3 spectral bats (Ossuary)
  8 ball pythons
  6 bats
  A bat zombie (D:6)
  11 endoplasms
  6 giant cockroaches
  7 goblins
  9 hobgoblins
  2 jackals (D:2)
  3 kobolds
  4 quokkas
  3 bat simulacra (Ossuary)
  2 frilled lizards (D:1)
  12 gnoll zombies (Ossuary)
  3 goblin simulacra (Ossuary)
  4 goblin zombies (Ossuary)
  2 hobgoblin zombies (Ossuary)
  2 kobold simulacra (Ossuary)
  6 kobold zombies (Ossuary)
  6 orc zombies (Ossuary)
  A rat (D:2)
  4 rat simulacra (Ossuary)
  2 rat zombies (D:6)
  2 spectral goblins (Ossuary)
  5 spectral rats (Ossuary)
258 creatures vanquished.

Vanquished Creatures (others)
  25 fungi (D:10)
  22 plants (D:10)
47 creatures vanquished.

Grand Total: 305 creatures vanquished

Notes
Turn   | Place    | Note
-------+----------+-------------------------------------------
     0 | D:1      | gelatine the Demonspawn Earth Elementalist began the quest
                  | for the Orb.
     0 | D:1      | Reached XP level 1. HP: 13/13 MP: 3/3
   124 | D:1      | Reached skill level 3 in Earth Magic
   139 | D:1      | Gained mutation: You are partially covered in sharp spines.
                  | [demonic ancestry]
   139 | D:1      | Reached XP level 2. HP: 19/19 MP: 3/5
   165 | D:1      | You fall into a shaft and drop 1 floor!
   465 | D:2      | Reached XP level 3. HP: 24/24 MP: 2/6
   965 | D:1      | Found Zifuhep's Antique Armour Shoppe.
  1416 | D:1      | Bought an embroidered robe for 92 gold pieces
  1830 | D:3      | Found a faded altar of an unknown god.
  1834 | D:3      | Learned a level 2 spell: Passwall
  1838 | D:3      | Learned a level 3 spell: Stone Arrow
  1857 | D:3      | Gained mutation: You are partially covered in rugged brown
                  | scales. (AC +1, +3% HP) [demonic ancestry]
  1857 | D:3      | Reached XP level 4. HP: 18/30 MP: 1/8
  1917 | D:3      | Noticed Jessica
  1921 | D:3      | Killed Jessica
  2408 | D:3      | Found a sacrificial altar of Ru.
  2424 | D:3      | Reached skill level 1 in Conjurations
  2424 | D:3      | Gained mutation: You are mostly covered in sharp spines.
                  | [demonic ancestry]
  2424 | D:3      | Reached XP level 5. HP: 21/36 MP: 1/10
  2659 | D:3      | Found an ornate altar of the Wu Jian Council.
  2686 | D:3      | Noticed Grinder
  2695 | D:3      | Killed Grinder
  2696 | D:3      | Reached skill level 4 in Earth Magic
  2696 | D:3      | Reached XP level 6. HP: 36/42 MP: 3/12
  2806 | D:3      | Learned a level 4 spell: Petrify
  2921 | D:4      | Reached skill level 1 in Transmutations
  3192 | D:4      | Found an iron altar of Okawaru.
  3192 | D:4      | Found a hazy altar of Hepliaklqana.
  3217 | D:4      | Found a staircase to the Ecumenical Temple.
  3226 | Temple   | Entered the Ecumenical Temple
  3270 | Temple   | Became a worshipper of Vehumet
  3708 | D:4      | Found a snail-covered altar of Cheibriados.
  3984 | D:5      | Entered Level 5 of the Dungeon
  3997 | D:5      | Noticed an ice beast
  4004 | D:5      | Killed an ice beast
  4005 | D:5      | Reached skill level 1 in Fighting
  4005 | D:5      | Gained mutation: You regenerate a little health from kills.
                  | [demonic ancestry]
  4005 | D:5      | Reached XP level 7. HP: 39/49 MP: 0/13
  4113 | D:5      | Noticed Ijyb
  4141 | D:5      | Killed Ijyb
  4258 | D:5      | Noticed Menkaure
  4263 | D:5      | Killed Menkaure
  4264 | D:5      | Reached skill level 1 in Evocations
  4870 | D:5      | Reached * piety under Vehumet
  4870 | D:5      | Offered knowledge of Magic Dart by Vehumet.
  4873 | D:5      | Learned a level 1 spell: Magic Dart
  4891 | D:5      | Noticed Eustachio
  4899 | D:5      | Killed Eustachio
  4900 | D:5      | Reached skill level 5 in Earth Magic
  4900 | D:5      | Reached XP level 8. HP: 47/57 MP: 8/15
  4979 | D:5      | Noticed Blork the orc
  4985 | D:5      | Killed Blork the orc
  4986 | D:5      | Reached skill level 5 in Spellcasting
  5340 | D:5      | Noticed Sigmund
  5348 | D:5      | Killed Sigmund
  5950 | D:6      | Found an ancient bone altar of Kikubaaqudgha.
  6079 | D:6      | Gained mutation: You are mostly covered in rugged brown
                  | scales. (AC +2, +5% HP) [demonic ancestry]
  6079 | D:6      | Reached XP level 9. HP: 31/65 MP: 15/17
  6088 | D:6      | Reached skill level 6 in Earth Magic
  6096 | D:6      | HP: 3/65 [yak (9)]
  6883 | D:6      | Offered knowledge of Searing Ray by Vehumet.
  7125 | D:7      | Reached ** piety under Vehumet
  7300 | D:7      | Found a sand-covered staircase.
  7304 | Ossuary  | Entered an ossuary
  7468 | Ossuary  | Offered knowledge of Conjure Flame by Vehumet.
  7473 | Ossuary  | Learned a level 3 spell: Conjure Flame
  7607 | Ossuary  | Reached *** piety under Vehumet
  7765 | D:7      | Offered knowledge of Mephitic Cloud by Vehumet.
  7954 | D:7      | Reached skill level 7 in Earth Magic
  7978 | D:7      | Found a broken altar of Ashenzari.
  8504 | D:8      | Found a sparkling altar of Nemelex Xobeh.
  8571 | D:8      | Reached XP level 10. HP: 74/74 MP: 17/19
  8579 | D:8      | Reached **** piety under Vehumet
  8604 | D:8      | Learned a level 3 spell: Mephitic Cloud
  8608 | D:8      | Learned a level 3 spell: Frozen Ramparts
  8884 | D:9      | Offered knowledge of Airstrike by Vehumet.
  8903 | D:9      | Learned a level 4 spell: Airstrike
  8917 | D:9      | Found a staircase to the Orcish Mines.
  9032 | D:9      | Found Karaa's Antique Armour Boutique.
  9166 | D:9      | Noticed a two-headed ogre
  9182 | D:9      | Killed a two-headed ogre
  9183 | D:9      | Reached skill level 8 in Earth Magic
  9559 | D:9      | Noticed a two-headed ogre
  9559 | D:9      | Noticed Rudyous's ghost (novice MiFi)
  9560 | D:9      | Found a transporter.
  9560 | D:9      | Noticed a two-headed ogre
  9560 | D:9      | Identified the +5 giant spiked club of Wisdom {vorpal,
                  | Int+2}
  9560 | D:9      | Identified the +9 dire flail "Transmigrator" {flame, Will++
                  | Dex+5}
  9560 | D:9      | Noticed a two-headed ogre
  9561 | D:9      | Noticed a two-headed ogre
  9726 | D:10     | Entered Level 10 of the Dungeon
  9760 | D:10     | Reached skill level 5 in Dodging
  9763 | D:10     | Reached skill level 5 in Fighting
  9813 | D:10     | Found a staircase to the Lair.
 10455 | Lair:1   | Entered Level 1 of the Lair of Beasts
 10484 | Lair:1   | Noticed a cane toad
 10485 | Lair:1   | Noticed a seven-headed hydra
 10489 | Lair:1   | Killed a seven-headed hydra
 10490 | Lair:1   | Reached skill level 1 in Staves
 10490 | Lair:1   | Reached skill level 9 in Earth Magic
 10490 | Lair:1   | Gained mutation: You regenerate health from kills. [demonic
                  | ancestry]
 10490 | Lair:1   | Reached XP level 11. HP: 84/84 MP: 4/22
 10497 | Lair:1   | Demolished by a komodo dragon

Illustrated notes

Levels and vault maps discovered:
D:1:      sevenhm_arrival_forest_fort_small_5, layout_basic, serial_shops,
          nicolae_shop_stone
D:2:      layout_basic
D:3:      layout_rooms, mainiacjoe_overflow_paths,
          nicolae_wu_jian_immortal_techniques, shapermc_ecumenical_altar_venn,
          hangedman_decor_clover_reticule, uniq_jessica, uniq_grinder
D:4:      layout_loops_ring, cheibrodos_worm_habitat,
          gammafunk_temple_overflow_claw, lemuel_temple_firewalk_b
D:5:      layout_loops_ring, uniq_eustachio, uniq_blork_the_orc, uniq_menkaure,
          uniq_sigmund, uniq_ijyb
D:6:      layout_loops_ring, lemuel_zombie_altar_kikubaaqudgha,
          kennysheep_crisscross
D:7:      layout_rooms, mainiacjoe_overflow_alcove_1, kennysheep_mini,
          enter_ossuary_5
D:8:      layout_rooms, nemelex_diamond_rough_becter
D:9:      layout_roguey, mainiacjoe_overflow_catwalk, hiddenorc1_lemuel,
          serial_shops, shop, gammafunk_ghost_smash
D:10:     layout_loops_cross, due_lair_maze_entry_diamond
Temple:   nicolae_temple_ecumenical_triangle
Lair:1:   layout_concentric_octagons, basic_altar,
          maelrawn_ghost_gauntlet_escape, gammafunk_lair_bear_cave

Skill      XL: |  1  2  3  4  5  6  7  8  9 10 |
---------------+-------------------------------+-----
Stealth        | 2 3 4 |  4.1
Earth Magic    | 3 4 5 7 9 |  9.1
Spellcasting   | 3 4 5 6 7 |  7.9
Dodging        | 2 3 4 5 |  5.2
Conjurations   | 1 2 3 4 |  4.5
Transmutations | 1 3 |  3.4
Fighting       | 1 2 4 5 |  5.2
Evocations     | 2 3 4 |  4.5
Staves         | 1 |  1.3
Axes           | |  0.8
Ice Magic      | |  0.7

Action                   |  1- 3 |  4- 6 |  7- 9 | 10-12 || total
-------------------------+-------+-------+-------+-------++-------
Melee: Dagger            |     4 |       |       |       ||     4
       Hand axe          |       |     5 |    42 |     3 ||    50
       Punch             |       |     1 |     1 |       ||     2
       Staff             |       |       |       |    12 ||    12
 Cast: Sandblast         |    54 |    65 |   189 |    83 ||   391
       Passwall          |     1 |     1 |       |       ||     2
       Stone Arrow       |       |     2 |    33 |    12 ||    47
       Petrify           |       |     1 |    12 |     1 ||    14
       Magic Dart        |       |       |     1 |       ||     1
       Frozen Ramparts   |       |       |       |     3 ||     3
       Airstrike         |       |       |       |     1 ||     1
  Use: Scroll            |       |       |     6 |    11 ||    17
       Potion            |       |       |     2 |     1 ||     3
 Stab: Petrified         |       |       |    10 |     2 ||    12
Armor: Robe              |     2 |     4 |    29 |       ||    35
       Steam dragon scal |       |       |     2 |    22 ||    24
Dodge: Dodged            |     5 |    20 |    64 |    39 ||   128
